 Dungeon Crawl Stone Soup version 0.16.2-12-gd0ad4c3 (webtiles) character file.

123 rlgrobin the Chopper (level 5, -5/41 HPs)
             Began as a Formicid Fighter on Sept 1, 2016.
             Slain by a giant frog (6 damage)
             ... on level 3 of the Dungeon.
             The game lasted 00:05:13 (2436 turns).

rlgrobin the Chopper (Formicid Fighter)             Turns: 2436, Time: 00:05:14

Health: -5/41      AC:  6    Str: 20    XL:     5   Next: 29%
Magic:  7/7        EV:  7    Int: 11    God:
Gold:   167        SH:  9    Dex: 11    Spells: 0 memorised, 4 levels left

rFire  . . .     SeeInvis +     a - +0 war axe
rCold  . . .     Clarity  .     b - +0 scale mail
rNeg   . . .     SustAb   .     c - +0 shield
rPois  .         Gourm    .     (helmet unavailable)
rElec  .         Spirit   .     (no cloak)
rCorr  .         Warding  .     (no gloves)
rMut   .         Stasis   +     (no boots)
MR     .....                    (no amulet)
Stlth  ..........               (no ring)
                                f - +3 ring of intelligence

@: very slightly contaminated, invisible (expiring), not resistant to hostile
enchantments, extremely unstealthy
A: permanent stasis, dig shafts and tunnels, four strong arms, antennae 3
a: Dig, Shaft Self


You were on level 3 of the Dungeon.
You were hungry.

You visited 1 branch of the dungeon, and saw 3 of its levels.

You collected 167 gold pieces.

Inventory:

Hand weapons
 a - a +0 war axe (weapon)
Missiles
 h - 6 tomahawks (quivered)
Armour
 b - a +0 scale mail (worn)
 c - a +0 shield (worn)
Jewellery
 f - a +3 ring of intelligence (left hand)
Scrolls
 e - a scroll of teleportation {unknown}
 g - a scroll of identify
 j - a scroll of remove curse
Potions
 i - a potion of brilliance
 k - a potion of mutation
Comestibles
 d - 4 bread rations
 l - a fruit
 m - 2 beef jerkies
 q - a meat ration


   Skills:
 - Level 3.2 Fighting
 + Level 5.1 Axes
 - Level 3.2 Armour
 - Level 3.6 Shields


You had 4 spell levels left.
You didn't know any spells.

Dungeon Overview and Level Annotations

Branches:
Dungeon (3/15)

Altars:


Innate Abilities, Weirdness & Mutations

You are under a permanent stasis effect.
You can dig through walls and to a lower floor.
Your four strong arms can wield two-handed weapons with a shield.
You have a pair of large antennae on your head (SInv).


Message History

* * * LOW HITPOINT WARNING * * *
The giant frog hits you but does no damage.
You completely miss the giant frog.
The giant frog is moderately wounded.
The bat hits you.
* * * LOW HITPOINT WARNING * * *
The giant frog hits you but does no damage.
The giant frog barely misses you.
You barely miss the giant frog.
The giant frog is moderately wounded.
You flicker for a moment.
You block the bat's attack. You block the giant frog's attack.
The giant frog barely misses you.
You catch the helpless giant frog completely off-guard!
You hit the giant frog.
The giant frog is heavily wounded.
The bat hits you but does no damage.
The giant frog hits you but does no damage.
The giant frog hits you.
You die...

........................
..........#.#......#...
##....#...#.#...........
#......###a###...###..
#......# .{.
#...###.#### #....###
### ###......... #?...#
#.####.### #....###
###Fa###.# ###.)[.#{{
#.@......# ####.###
###(...###... .#####...#
#...b.## .
........).###.#####
.##....#.....#
#.######...# #. #..## #
#.#.# #..#.#


You could see a giant frog, a worker ant and a bat.

Vanquished Creatures
  An orc wizard (D:3)
  An adder (D:2)
  2 worms
  4 giant geckos
  6 orcs
  A giant cockroach (D:1)
  8 goblins
  9 hobgoblins
  6 jackals (D:2)
  4 kobolds
  2 quokkas (D:2)
  2 ball pythons
  8 bats
  2 giant newts (D:2)
  11 rats
67 creatures vanquished.

Notes
Turn   | Place    | Note
--------------------------------------------------------------
     0 | D:1      | rlgrobin, the Formicid Fighter, began the quest for the Orb.
     0 | D:1      | Reached XP level 1. HP: 18/18 MP: 1/1
   130 | D:1      | Reached XP level 2. HP: 22/24 MP: 3/3
   539 | D:1      | Reached XP level 3. HP: 29/29 MP: 4/4
  1309 | D:2      | Reached XP level 4. HP: 32/35 MP: 5/5
  1310 | D:2      | Reached skill level 4 in Axes
  2348 | D:3      | Reached XP level 5. HP: 29/41 MP: 7/7
  2375 | D:3      | Reached skill level 5 in Axes
  2414 | D:3      | Noticed a giant frog
  2433 | D:3      | HP: 2/41 [giant frog (3)]
  2436 | D:3      | Slain by a giant frog

Action                   |  1- 3 |  4- 6 || total
-------------------------+-------+-------++-------
Melee: War axe           |   150 |    95 ||   245
  Use: Scroll            |       |     7 ||     7
       Potion            |       |     3 ||     3
 Stab: Invisible         |       |     1 ||     1
  Eat: Chunk             |     2 |     2 ||     4
       Fruit             |       |     1 ||     1
